 Dungeon Crawl Stone Soup version 0.21.0-37-g46506fa (webtiles) character file.

6364 garbagetei the Carver (level 10, -6/88 HPs)
             Began as a Red Draconian Skald on Jan 30, 2018.
             Was a Priest of Okawaru.
             Mangled by an orc warrior
             ... wielding a +0 halberd
              (11 damage)
             ... on level 8 of the Dungeon.
             The game lasted 00:37:51 (16512 turns).

garbagetei the Carver (Red Draconian Skald)        Turns: 16512, Time: 00:37:52

Health: -6/88      AC: 12    Str: 20    XL:     10   Next: 65%
Magic:  13/19      EV: 12    Int: 22    God:    Okawaru [***...]
Gold:   633        SH:  9    Dex: 10    Spells: 15/21 levels left

rFire    + . .     SeeInvis +   L - +0 long sword
rCold    + + +     Gourm    +   w - +0 shield
rNeg     . . .     Faith    .   (armour unavailable)
rPois    .         Spirit   .   (helmet restricted)
rElec    .         Reflect  .   y - +0 cloak
rCorr    .         Harm     .   x - +2 pair of gloves
MR       .....                  o - +0 pair of boots
Stlth    ++........             u - amulet of Loha Eme {Gourm *Contam rC+++ Int+6 SInv}
HPRegen  0.24/turn              G - +5 ring of strength
MPRegen  0.16/turn              (no ring)

@: infused, singing
A: breathe fire, unfitting armour, fire resistance 1, cold-blooded, AC +7
a: Breathe Fire, Heroism, Renounce Religion


You were on level 8 of the Dungeon.
You worshipped Okawaru.
Okawaru was most pleased with you.
You were very full.

You visited 2 branches of the dungeon, and saw 10 of its levels.

You collected 633 gold pieces.

Inventory:

Hand Weapons
 a - a +0 falchion
 C - a cursed +0 great sword
 I - a +0 scimitar
 L - a +0 long sword (weapon)
Missiles
 m - 8 javelins (quivered)
 q - 18 tomahawks
Armour
 j - a +0 helmet
 o - a +0 pair of boots (worn)
 w - a +0 shield (worn)
 x - a +2 pair of gloves (worn)
 y - a +0 cloak (worn)
 J - the +3 helmet "Amae" {rC+ rN+ Dex+2, unknown}
   (You found it on level 8 of the Dungeon)

   It affects your dexterity (+2).
   It protects you from cold.
   It protects you from negative energy.
Jewellery
 d - an uncursed ring of ice
 u - the amulet of Loha Eme (around neck) {Gourm *Contam rC+++ Int+6 SInv}
   (You found it on level 4 of the Dungeon)

   [amulet of the gourmand]

   It allows you to eat raw meat even when not hungry.
   It affects your intelligence (+6).
   It renders you almost immune to cold.
   It lets you see invisible.
   It causes magical contamination when unequipped.
 G - a +5 ring of strength (left hand)
Wands
 B - a wand of random effects (18)
 M - a wand of flame (25)
Scrolls
 e - 6 scrolls of remove curse
 f - 3 scrolls of magic mapping
 g - 4 scrolls of immolation
 i - 3 scrolls of enchant armour
 l - 4 scrolls of teleportation
 n - 2 scrolls of identify
 r - a scroll of noise {unknown}
 v - 3 scrolls of fog
 F - a scroll of blinking
 N - a scroll of vulnerability {unknown}
 P - a scroll of random uselessness {unknown}
Potions
 h - 4 potions of curing
 k - 3 potions of lignification
 p - a potion of ambrosia
 s - a potion of invisibility {unknown}
 t - a potion of might {unknown}
 z - a potion of agility {unknown}
 A - a potion of magic
 D - a potion of heal wounds {unknown}
 E - a potion of brilliance {unknown}
 H - a potion of flight {unknown}
Books
 b - a book of Battle

   Spells                             Type                      Level
   a - Infusion                       Charms                       1
   b - Shroud of Golubria             Charms/Translocation         2
   c - Song of Slaying                Charms                       2
   d - Spectral Weapon                Hexes/Charms                 3
   e - Regeneration                   Charms/Necromancy            3
 K - a book of Misfortune

   Spells                             Type                      Level
   a - Confusing Touch                Hexes                        1
   b - Confuse                        Hexes                        3
   c - Gell's Gravitas                Translocation                3
   d - Petrify                        Transmutation/Earth          4
   e - Metabolic Englaciation         Hexes/Ice                    5
   f - Yara's Violent Unravelling     Hexes/Transmutation          5
Comestibles
 c - 18 rations


   Skills:
 * Level 7.7 Fighting
 * Level 10.2 Long Blades
 - Level 2.0 Throwing
 + Level 5.2 Dodging
 - Level 2.4 Stealth
 + Level 4.5 Shields
 * Level 6.0 Spellcasting
 * Level 0.3 Hexes
 * Level 4.1 Charms


You had 15 spell levels left.
You knew the following spells:

 Your Spells              Type           Power        Failure   Level  Hunger
a - Infusion              Chrm           ####         6%          1    None
b - Song of Slaying       Chrm           ####....     10%         2    None
c - Confusing Touch       Hex            #.....       30%         1    None
d - Shroud of Golubria    Chrm/Tloc      ###.......   22%         2    None


Dungeon Overview and Level Annotations

Branches:
Dungeon (9/15)             Temple (1/1) D:6
   Lair: D:8-11         Orc: D:9-12

Altars:
Ashenzari
Dithmenos
Kikubaaqudgha
Makhleb
Okawaru
Ru
Sif Muna
Uskayaw
Zin
The Shining One

Annotations:
D:4 resurtm2's ghost, novice MiBe


Innate Abilities, Weirdness & Mutations

You can breathe blasts of fire.
Your fiery red scales are hard. (AC +7)
You cannot fit into any form of body armour.
Your flesh is heat resistant. (rF+)
You are cold-blooded and may be slowed by cold attacks.


Message History

You slash the orc warrior!
You kill the orc warrior!
Okawaru accepts your kill.
Your Spellcasting skill increases to level 6!
You block the orc warrior's attack.
The orc warrior hits you with a halberd!
* * * LOW HITPOINT WARNING * * *
Items here: )) [ † a halberd; a plate armour; a flail; an orc corpse You closely miss the orc warrior.
The orc warrior is lightly wounded.
You have got your breath back.
You feel like a meek peon again.
You completely miss the orc warrior.
The orc warrior is lightly wounded.
You block the orc warrior's attack.
You slash the orc warrior!
Your tail-slap misses the orc warrior.
The orc warrior is heavily wounded.
The orc warrior hits you with a halberd!
You die...

.<.......## #..........#
#[........# #..........#
#.......#.#####.......)[.#
#.........##......o..[>[.#
####..##.....##......[...#
##.###..#####[#########
#....<## #)# # ##.##[.#
#o# #####..###.## #@#
##....## #..####)# ...####
##...##.# ..######
###.##.# #......####
#....# ..........# ######
##........# ##.......#
#########


You could see an orc warrior.

Vanquished Creatures
  A two-headed ogre (D:7)
  2 hippogriffs
  Sigmund (D:6)
  5 yaks (D:9)
  An ice beast (D:5)
  8 orc warriors
  4 phantoms
  2 centaurs
  4 ogres
  A big kobold (D:7)
  4 bullfrogs
  A gnoll sergeant (D:7)
  5 killer bees
  A howler monkey (D:6)
  7 wights
  4 crimson imps
  7 orc priests
  7 hounds
  4 jellies
  8 orc wizards
  6 iguanas
  Jessica (D:3)
  2 centaur skeletons
  3 worker ants
  A hound skeleton (D:6)
  A worker ant zombie (D:5)
  10 gnolls (D:7)
  2 howler monkey skeletons
  8 adders
  2 shadow imps
  5 oozes (D:8)
  An adder zombie (D:8)
  A worm (D:4)
  2 dart slugs
  4 leopard geckos
  38 orcs
  3 ball pythons
  5 giant cockroaches
  10 goblins
  11 hobgoblins
  9 jackals
  5 quokkas
  9 bats
  5 frilled lizards
  11 kobolds
  A leopard gecko skeleton (D:4)
  A quokka skeleton (D:3)
  12 rats
246 creatures vanquished.

Notes
Turn   | Place    | Note
-------+----------+-------------------------------------------
     0 | D:1      | garbagetei the Draconian Skald began the quest for the Orb.
     0 | D:1      | Reached XP level 1. HP: 17/17 MP: 3/3
   101 | D:1      | Reached XP level 2. HP: 13/25 MP: 5/5
  1286 | D:1      | Reached XP level 3. HP: 26/30 MP: 6/6
  2272 | D:2      | Reached skill level 3 in Long Blades
  2272 | D:2      | Reached XP level 4. HP: 17/37 MP: 6/8
  2966 | D:3      | Reached XP level 5. HP: 16/44 MP: 6/9
  3226 | D:3      | Reached skill level 1 in Stealth
  3446 | D:4      | Got a scintillating silver amulet
  3449 | D:4      | Identified the amulet of Loha Eme {Gourm *Contam rC+++ Int+6 SInv} (You found it on level 4 of the Dungeon)
  3705 | D:3      | Found a shattered altar of Ashenzari.
  3807 | D:4      | Noticed a phantom
  3819 | D:3      | Noticed Jessica
  3823 | D:3      | Learned a level 2 spell: Song of Slaying
  3829 | D:3      | Killed Jessica
  3829 | D:3      | Reached skill level 4 in Long Blades
  4855 | D:4      | Noticed resurtm2's ghost (novice MiBe)
  5177 | D:4      | Reached XP level 6. HP: 46/51 MP: 10/10
  5394 | D:5      | Entered Level 5 of the Dungeon
  5672 | D:5      | Found a shadowy altar of Dithmenos.
  5973 | D:5      | Reached skill level 5 in Long Blades
  6030 | D:5      | Noticed a hippogriff
  6431 | D:5      | Your scales start taking on a fiery red colour.
  6431 | D:5      | Reached XP level 7. HP: 41/58 MP: 12/12
  6431 | D:5      | Gained mutation: Your flesh is heat resistant. (rF+) [Red Draconian growth]
  6957 | D:5      | Reached skill level 6 in Long Blades
  7044 | D:5      | Killed a hippogriff
  7044 | D:5      | Reached skill level 1 in Shields
  7044 | D:5      | Reached XP level 8. HP: 35/67 MP: 6/13
  8183 | D:6      | Reached skill level 7 in Long Blades
  8587 | D:6      | Found a staircase to the Ecumenical Temple.
  8643 | Temple   | Entered the Ecumenical Temple
  8681 | Temple   | Became a worshipper of Warmaster Okawaru
  8812 | D:6      | Reached skill level 5 in Fighting
 10419 | D:6      | Reached skill level 8 in Long Blades
 10649 | D:6      | Noticed Sigmund
 10654 | D:6      | Killed Sigmund
 10654 | D:6      | Reached * piety under Okawaru
 10654 | D:6      | Reached XP level 9. HP: 75/75 MP: 15/15
 11050 | D:7      | Noticed a two-headed ogre
 11070 | D:7      | Killed a two-headed ogre
 11070 | D:7      | Reached ** piety under Okawaru
 11193 | D:7      | Found a glowing golden altar of the Shining One.
 11271 | D:7      | HP: 3/75 [orc warrior/scimitar (12)]
 11275 | D:7      | Reached skill level 9 in Long Blades
 11654 | D:7      | Reached skill level 5 in Spellcasting
 11730 | D:7      | Reached skill level 1 in Throwing
 12861 | D:8      | Got a shimmering helmet
 12871 | D:8      | Learned a level 1 spell: Confusing Touch
 12944 | D:8      | Reached XP level 10. HP: 74/84 MP: 18/18
 12982 | D:8      | Reached *** piety under Okawaru
 13913 | D:8      | Found a deep blue altar of Sif Muna.
 14523 | D:8      | Learned a level 2 spell: Shroud of Golubria
 14565 | D:8      | Reached skill level 5 in Dodging
 15395 | D:9      | Reached skill level 10 in Long Blades
 15408 | D:9      | HP: 4/86 [yak (15)]
 16512 | D:8      | Mangled by an orc warrior

Skill      XL: |  1  2  3  4  5  6  7  8  9 10 |
---------------+-------------------------------+-----
Long Blades    | 3 4 5 6 8 9 10 | 10.2
Spellcasting   | 3 4 5 6 |  6.0
Stealth        | 1 2 |  2.4
Fighting       | 3 4 5 6 7 |  7.7
Charms         | 3 4 |  4.1
Dodging        | 3 4 5 |  5.2
Shields        | 1 2 4 |  4.5
Throwing       | 1 2 |  2.0
Hexes          | |  0.3

Action                   |  1- 3 |  4- 6 |  7- 9 | 10-12 || total
-------------------------+-------+-------+-------+-------++-------
Melee: Falchion          |   139 |   320 |   475 |       ||   934
       Tailslap          |    12 |    25 |    73 |    43 ||   153
       Scimitar          |       |       |    93 |       ||    93
       Long sword        |       |       |    16 |   283 ||   299
Throw: Javelin           |       |       |     4 |       ||     4
 Cast: Infusion          |     1 |     9 |     6 |     3 ||    19
       Song of Slaying   |       |       |     1 |     3 ||     4
       Confusing Touch   |       |       |       |     1 ||     1
Invok: Heroism           |       |       |     1 |     1 ||     2
 Abil: Breathe Fire      |       |       |    10 |     9 ||    19
  Use: Potion            |     1 |       |     1 |       ||     2
       Scroll            |       |     1 |    10 |       ||    11
 Stab: Sleeping          |     4 |       |     5 |     2 ||    11
       Distracted        |     1 |       |       |       ||     1
  Eat: Chunk             |     4 |    18 |    22 |    15 ||    59
       Ration            |       |       |     1 |       ||     1
Armor: Skin              |    45 |   121 |   198 |    76 ||   440
Dodge: Dodged            |   118 |   172 |   216 |   115 ||   621
Block: Shield            |       |    25 |   240 |   130 ||   395
       Rpst.: Falchion   |    27 |    55 |    46 |       ||   128
       Scimitar          |       |       |    13 |       ||    13
       Long sword        |       |       |     5 |    38 ||    43
